 Dungeon Crawl Stone Soup version 0.19-a0-1025-g778f431 (webtiles) character file.

5069 magipi the Carver (level 10, -3/66 HPs)
             Began as a Tengu Berserker on July 28, 2016.
             Was a High Priest of Trog.
             Killed from afar by a lindwurm (shapeshifter) (13 damage)
             ... with a blast of flame
             ... on level 7 of the Dungeon.
             The game lasted 00:31:14 (6841 turns).

magipi the Carver (Tengu Berserker)                 Turns: 6841, Time: 00:31:14

Health: -3/66      AC: 22    Str: 17    XL:     10   Next: 56%
Magic:  11/11      EV:  4    Int:  9    God:    Trog [*****.]
Gold:   271        SH:  7    Dex: 16    Spells: 0 memorised, 9 levels left

rFire  . . .     SeeInvis .     a - +3 falchion
rCold  . . .     Gourm    .     g - +3 plate armour
rNeg   . . .     Faith    .     e - +0 shield {AC+3}
rPois  .         Spirit   .     (helmet restricted)
rElec  .         Dismiss  .     q - +1 cloak
rCorr  +         Reflect  .     (no gloves)
SustAt .         Harm     .     (boots unavailable)
MR     .....                    u - amulet of magic regeneration
Stlth  ..........               (no ring)
                                f - ring of resist corrosion

@: not resistant to hostile enchantments, extremely unstealthy
A: beak, talons 3, able to fly 1
a: Fly, Berserk, Trog's Hand, Brothers in Arms, Burn Spellbooks, Renounce
Religion


You were on level 7 of the Dungeon.
You worshipped Trog.
Trog was extremely pleased with you.
You were not hungry.

You visited 1 branch of the dungeon, and saw 7 of its levels.
You also visited: Sewer.

You collected 271 gold pieces.

Notes
Turn   | Place    | Note
-------+----------+-------------------------------------------
     0 | D:1      | magipi the Tengu Berserker began the quest for the Orb.
     0 | D:1      | Reached XP level 1. HP: 14/14 MP: 2/2
   122 | D:1      | Reached XP level 2. HP: 17/19 MP: 3/3
   216 | D:1      | Reached skill level 4 in Long Blades
   592 | D:1      | Reached XP level 3. HP: 23/23 MP: 4/4
   595 | D:1      | Reached ** piety under Trog
   704 | D:2      | Found a runed door.
   708 | D:2      | Noticed Crazy Yiuf
   713 | D:2      | Killed Crazy Yiuf
   713 | D:2      | Reached skill level 5 in Long Blades
   713 | D:2      | Reached XP level 4. HP: 20/28 MP: 5/5
  1257 | D:3      | Noticed magipi's ghost (amateur TeBe)
  1276 | D:3      | Killed magipi's ghost
  1276 | D:3      | Reached skill level 7 in Long Blades
  1276 | D:3      | Gained mutation: You can fly. [Tengu growth]
  1276 | D:3      | Reached XP level 5. HP: 32/32 MP: 6/6
  1361 | D:3      | Reached *** piety under Trog
  1438 | D:3      | Reached XP level 6. HP: 35/37 MP: 7/7
  2049 | D:4      | Found a staircase to the Ecumenical Temple.
  2072 | D:4      | Reached skill level 8 in Long Blades
  2280 | D:4      | Reached XP level 7. HP: 41/41 MP: 8/8
  2463 | D:4      | Found a glowing drain.
  2472 | Sewer    | Entered a sewer
  2565 | Sewer    | Reached **** piety under Trog
  2571 | Sewer    | Reached skill level 9 in Long Blades
  2781 | Sewer    | Noticed mrath's ghost (amateur GrEE)
  2796 | Sewer    | Killed mrath's ghost
  2874 | Sewer    | Reached skill level 10 in Long Blades
  2892 | Sewer    | Reached XP level 8. HP: 41/46 MP: 9/9
  2910 | Sewer    | Reached ***** piety under Trog
  3305 | D:4      | Found an oddly glowing altar of Pakellas.
  3325 | D:5      | Entered Level 5 of the Dungeon
  3406 | D:5      | Reached skill level 11 in Long Blades
  4621 | D:6      | Noticed Prince Ribbit
  4720 | D:6      | Reached XP level 9. HP: 53/53 MP: 10/10
  4724 | D:6      | Killed Prince Ribbit
  4724 | D:6      | Reached skill level 5 in Fighting
  4724 | D:6      | Reached skill level 5 in Armour
  4826 | D:6      | Noticed 4thArraOfDagon's ghost (weakling MiBe)
  4835 | D:6      | Killed 4thArraOfDagon's ghost
  5257 | D:6      | Noticed Blork the orc
  5365 | D:6      | Noticed Menkaure
  5523 | D:6      | Killed Menkaure
  5673 | D:6      | Killed Blork the orc
  6268 | D:7      | Noticed a cyclops
  6280 | D:7      | Noticed a two-headed ogre
  6287 | D:7      | Killed a cyclops
  6287 | D:7      | Reached XP level 10. HP: 57/63 MP: 11/11
  6607 | D:7      | Noticed a wizard
  6678 | D:7      | Killed a wizard
  6736 | D:7      | Noticed a great orb of eyes
  6784 | D:7      | Killed a great orb of eyes
  6811 | D:7      | HP: 1/66 [ogre/giant club (11)]
  6836 | D:7      | Noticed a lindwurm
  6840 | D:7      | Noticed a centaur warrior
  6841 | D:7      | Killed from afar by a lindwurm (shapeshifter)

Inventory:

Hand Weapons
 a - a +3 falchion (weapon)
Missiles
 l - 24 poisoned needles
Armour
 e - a +0 shield of protection (worn)
 g - a +3 plate armour (worn)
 q - a +1 cloak (worn)
Jewellery
 f - a ring of resist corrosion (left hand)
 u - an amulet of magic regeneration (around neck)
Wands
 m - a wand of flame (19/48)
 A - a wand of acid (8/15)
Scrolls
 b - a scroll of teleportation
 j - a scroll of identify
 y - 2 scrolls of remove curse
Potions
 d - 3 potions of brilliance
 i - 5 potions of curing
 k - 4 potions of haste
 n - a potion of ambrosia
 o - a potion of agility {unknown}
 p - 2 potions of lignification
 r - a potion of berserk rage {unknown}
 s - a potion of invisibility {unknown}
 w - a potion of mutation {unknown}
 x - 2 potions of flight
 C - 2 potions of beneficial mutation
Comestibles
 c - 3 bread rations
 t - 3 meat rations


   Skills:
 + Level 9.0 Fighting
 - Level 11.0 Long Blades
 + Level 9.5 Armour
 - Level 2.1 Dodging


You had 9 spell levels left.
You didn't know any spells.

Dungeon Overview and Level Annotations

Branches:
Dungeon (7/15)             Temple (0/1) D:4

Altars:
Pakellas


Innate Abilities, Weirdness & Mutations

You have a beak for a mouth.
You have claws for feet.
You can fly.

Vault maps used:
D:1:      ncdulo_watergridlock, grunt_decor_resistance
D:2:      minmay_tall_x, uniq_crazy_yiuf_cottage
D:4:      portal_sewer_entry_d, gammafunk_pakellas_cloud_experiment
D:5:      first_bread
D:6:      uniq_menkaure, uniq_blork_the_orc, uniq_prince_ribbit1
D:7:      grunt_decor_fettered, minmay_the_grid_3x3
Sewer:    sewer_frog_island_02


Message History

You feel sick. Something hits you but does no damage.
The orc hits you but does no damage. x2
An ogre comes into view. It is wielding a giant club.
You see here 3 poisoned tomahawks.
The ogre shouts!
You slash the orc!
You kill the orc!
Trog accepts your kill.
You feel sick. Something hits you but does no damage.
Unknown command.
You feel sick. Something hits you but does no damage.
There is an open door, spattered with blood here.
You see here a poisoned tomahawk.
You feel sick. Something hits you.
* * * LOW HITPOINT WARNING * * *
You feel sick. Something hits you but does no damage.
Things that are here:
a falchion; a fine plate armour; an orc corpse You feel sick.
Something completely misses you. Something hits you but does no damage.
The ogre hits you with a giant club.
* * * LOW HITPOINT WARNING * * *
As you read the scroll of fear, it crumbles to dust.
You assume a fearsome visage.
The ogre looks frightened!
You feel sick. Something hits you but does no damage.
Unknown command.
You slash something! You claw something. Your peck misses something.
Something hits you but does no damage. x2
The ogre starts to cry.
Unknown command.
You feel the effects of Trog's Hand fading.
You feel sick.
Something hits you but does no damage. x2
Cornered, the ogre turns to fight!
Something hits you but does no damage.
Found a stone staircase leading down.
You feel sick. Something hits you but does no damage.
Your skin stops crawling.
You feel less resistant to hostile enchantments.
Something hits you but does no damage.
You feel sick. Something hits you but does no damage.
Something hits you but does no damage.
You feel sick. You block something's attack. Something hits you.
* * * LOW HITPOINT WARNING * * *
Something hits you but does no damage. Something hits you but does no damage.
The ogre barely misses you.
Unknown command.
You feel sick. Something hits you but does no damage.
Something hits you but does no damage. x3
Something hits you.
* * * LOW HITPOINT WARNING * * *
Something hits you but does no damage. The ogre hits you with a giant club!
* * * LOW HITPOINT WARNING * * *
You feel much better.
You feel sick.
You are no longer poisoned.
Something completely misses you. The ogre hits you but does no damage.
Unknown command.
You feel yourself speed up. Something hits you but does no damage.
Something hits you but does no damage.
Something hits you but does no damage. x2
Something hits you but does no damage. Something hits you but does no damage.
Something hits you.
* * * LOW HITPOINT WARNING * * *
Something hits you but does no damage. Something hits you.
* * * LOW HITPOINT WARNING * * *
Something hits you but does no damage. Something hits you but does no damage.
You feel less exhausted. Something hits you but does no damage.
Okay, then.
Unknown command.
As you read the scroll of teleportation, it crumbles to dust.
You feel strangely unstable. Something hits you.
* * * LOW HITPOINT WARNING * * *
Something hits you but does no damage.
Something hits you but does no damage. x2
Your surroundings suddenly seem different.
Unknown command.
You start eating the beef jerky.
You are feeling hungry.
That beef jerky was delicious!
You start eating one of the 4 bread rations.
You continue eating. x2
The two-headed ogre shouts in stereo!
You finish eating.
That bread ration really hit the spot!
A two-headed ogre is nearby!
Unknown command.
A lindwurm comes into view.
The lindwurm roars!
The lindwurm breathes flames at you. The blast of flame hits you!
* * * LOW HITPOINT WARNING * * *
Unknown command.
A centaur warrior comes into view.
It is wielding a bone quarterstaff {venom}.
Unknown command.
The lindwurm breathes flames at you. The blast of flame hits you!
You die...

..........### ######## ###
............## #......###.#
.............# #..........#
.............## #.....##..##
..............# ####..##..#
..............# #..#..##
..............#######....#####
.............................####
.............O..@................
.............####............####
.............# ##.k............##
.............#
#.........รท......#
............## #..............#..
...>....c...# #.............#...
...........## #.(......|.....)..
.......... ##...............#
.......... ####.#.......####


You could see a lindwurm and a two-headed ogre.

Vanquished Creatures
  A great orb of eyes (D:7)
  A wizard (D:7)
  A cyclops (D:7)
  Prince Ribbit (D:6)
  A two-headed ogre (D:7)
  A yak (D:7)
  A hippogriff (D:7)
  Menkaure (D:6)
  The ghost of magipi the Slasher, an amateur TeBe of Trog (D:3)
  The ghost of mrath the Digger, an amateur GrEE (Sewer)
  A sky beast (D:7)
  2 phantoms (D:5)
  2 orc warriors
  3 ogres
  2 centaurs
  Blork the orc (D:6)
  5 giant frogs
  A scorpion (D:5)
  A killer bee (D:7)
  A howler monkey (D:5)
  2 crimson imps
  2 giant frog zombies
  A jelly (D:6)
  Crazy Yiuf (D:2)
  A gnoll shaman (D:4)
  2 hounds
  An orc priest (D:5)
  3 orc wizards
  A centaur skeleton (D:7)
  2 giant frog skeletons
  An iguana (D:5)
  8 worker ants
  2 howler monkey zombies
  8 gnolls
  14 adders
  A shadow imp (D:7)
  10 oozes
  An adder zombie (D:5)
  An adder skeleton (D:5)
  4 worms
  The ghost of 4thArraOfDagon the Chopper, a weakling MiBe of Trog (D:6)
  3 dart slugs (D:1)
  13 giant geckos
  19 orcs
  13 ball pythons
  13 giant cockroaches
  11 goblins
  5 hobgoblins
  12 jackals
  5 quokkas
  11 bats
  A giant cockroach zombie (D:5)
  15 giant newts
  A jackal skeleton (D:5)
  9 kobolds
  A quokka skeleton (D:4)
  10 rats
238 creatures vanquished.

Action                   |  1- 3 |  4- 6 |  7- 9 | 10-12 || total
-------------------------+-------+-------+-------+-------++-------
Melee: Falchion          |    49 |   166 |   481 |    99 ||   795
       Kick              |    15 |    55 |   134 |    34 ||   238
       Peck              |    13 |    35 |    84 |    28 ||   160
Invok: Berserk           |     1 |     4 |     8 |     3 ||    16
       Trog's Hand       |       |       |       |     2 ||     2
  Use: Scroll            |       |     8 |    12 |     2 ||    22
       Potion            |       |     1 |       |     1 ||     2
 Stab: Sleeping          |     2 |       |       |       ||     2
  Eat: Chunk             |       |     9 |     9 |     3 ||    21
       Fruit             |       |       |     4 |       ||     4
       Bread ration      |       |       |     2 |     1 ||     3
       Royal jelly       |       |       |       |     1 ||     1
       Beef jerky        |       |       |       |     1 ||     1
Armor: Animal skin       |     2 |       |       |       ||     2
       Plate armour      |     7 |   128 |   285 |   103 ||   523
Dodge: Dodged            |    16 |    24 |    94 |    13 ||   147
Block: Shield            |       |       |     1 |    24 ||    25

Action                   |  1- 3 |  4- 6 |  7- 9 | 10-12 || total
-------------------------+-------+-------+-------+-------++-------
Melee: Falchion          |    49 |   166 |   481 |    99 ||   795
       Kick              |    15 |    55 |   134 |    34 ||   238
       Peck              |    13 |    35 |    84 |    28 ||   160
Invok: Berserk           |     1 |     4 |     8 |     3 ||    16
       Trog's Hand       |       |       |       |     2 ||     2
  Use: Scroll            |       |     8 |    12 |     2 ||    22
       Potion            |       |     1 |       |     1 ||     2
 Stab: Sleeping          |     2 |       |       |       ||     2
  Eat: Chunk             |       |     9 |     9 |     3 ||    21
       Fruit             |       |       |     4 |       ||     4
       Bread ration      |       |       |     2 |     1 ||     3
       Royal jelly       |       |       |       |     1 ||     1
       Beef jerky        |       |       |       |     1 ||     1
Armor: Animal skin       |     2 |       |       |       ||     2
       Plate armour      |     7 |   128 |   285 |   103 ||   523
Dodge: Dodged            |    16 |    24 |    94 |    13 ||   147
Block: Shield            |       |       |     1 |    24 ||    25
